 Dungeon Crawl Stone Soup version 0.25.1-9-gc5326a611f (webtiles) character file.

Game seed: 5176580911042823625

198 Clowwww the Chopper (level 5, 42/42 HPs)
             Began as a Demonspawn Fighter on Jan 3, 2021.
             Quit the game on level 3 of the Dungeon.
             The game lasted 00:04:39 (2137 turns).

Clowwww the Chopper (Demonspawn Fighter)            Turns: 2137, Time: 00:04:39

Health: 42/42      AC:  6    Str: 18    XL:     5   Next: 47%
Magic:  5/5        EV: 22    Int:  9    God:
Gold:   120        SH:  9    Dex: 18    Spells: 4/4 levels left

rFire    . . .     SeeInvis .   a - +0 war axe
rCold    . . .     Gourm    .   c - +0 kite shield
rNeg     + . .     Faith    .   b - +0 scale mail
rPois    .         Spirit   .   (no helmet)
rElec    .         Reflect  .   (no cloak)
rCorr    .         Harm     .   (no gloves)
MR       .....                  (no boots)
Stlth    ..........             g - amulet of the acrobat
HPRegen  0.14/turn              q - +6 ring of dexterity
MPRegen  0.09/turn              u - ring of positive energy

@: acrobat
A: claws 1, spiny 1
a: no special abilities


You were on level 3 of the Dungeon.
You were not hungry.

You visited 1 branch of the dungeon, and saw 3 of its levels.

You collected 120 gold pieces.

Inventory:

Hand Weapons
 a - a +0 war axe (weapon)
Missiles
 e - 6 javelins (quivered)
Armour
 b - a +0 scale mail (worn)
 c - a +0 kite shield (worn)
Jewellery
 g - an amulet of the acrobat (around neck)
 q - a +6 ring of dexterity (left claw)
 u - a ring of positive energy (right claw)
 v - an uncursed ring of protection from fire {unknown}
Scrolls
 j - a scroll of magic mapping {unknown}
 m - a scroll of enchant weapon {unknown}
 n - 2 scrolls of identify {unknown}
 o - a scroll of enchant armour {unknown}
 p - a scroll of fog {unknown}
 r - 4 scrolls of remove curse {unknown}
Potions
 h - a potion of lignification {unknown}
 i - 3 potions of stabbing {unknown}
 k - a potion of mutation {unknown}
 l - a potion of invisibility {unknown}
 s - a potion of curing {unknown}
 t - a potion of brilliance {unknown}
 w - a potion of resistance {unknown}
Comestibles
 d - 2 chunks of flesh
 f - 8 rations


   Skills:
 + Level 3.8 Fighting
 * Level 4.1 Axes
 + Level 3.1 Armour
 + Level 0.2 Dodging
 + Level 0.1 Stealth
 + Level 3.1 Shields


You had 4 spell levels left.
You didn't know any spells.
Your spell library was empty.

Dungeon Overview and Level Annotations

Branches:
Dungeon (3/15)

Altars:
Cheibriados
Elyvilon

Annotations:
D:3 1 runed translucent door


Innate Abilities, Weirdness & Mutations

You have sharp fingernails.
You are partially covered in sharp spines.


Message History

Moving in this stuff is going to be slow.
You butcher the worm corpse.
d - a chunk of flesh You butcher the adder corpse.
d - 3 chunks of flesh (gained 2)
There is an open translucent door, spattered with blood here.
You see here an adder skeleton.
There is an open translucent door, spattered with blood here.
You see here an adder skeleton.
Eating one of 3 chunks of flesh.
You eat one of the 3 chunks of flesh.
This raw flesh tastes terrible.
v - a tourmaline ring You feel a little less mighty now.
i - 3 brown potions (gained 1)
Found a stone staircase leading up.
There is a stone staircase leading up here.
There is a stone staircase leading up here.
An orc comes into view. It is wielding a +0 club.
An orc is nearby!
Are you sure you want to abandon this character and quit the game? (Confirm with "yes".)

#.###...# #...# #.###.#######
#.####..# #...# #.###.#...#..
#.......######...####.##.........
###.......................#...#..
.................................
###.....................###......
####.#######...######.###.....#
#.# #...# #.##....### ..# #..@#
#.##.##.# #.# #...# #.##.##.# #.
#...# #.......# #.... ####.######
..... #....... .#....# #######.
..#.#..# ## o. ......


You could see an orc (wandering).

Vanquished Creatures
  The ghost of harness the Ruffian, an amateur DrTm (D:3)
  4 adders
  3 oozes
  4 worms
  3 dart slugs
  2 leopard geckos
  3 giant cockroaches
  6 goblins
  7 hobgoblins
  A quokka (D:2)
  4 bats
  3 frilled lizards
  A jackal zombie (D:3)
  9 kobolds
  3 rats
54 creatures vanquished.

Notes
Turn   | Place    | Note
-------+----------+-------------------------------------------
     0 | D:1      | Clowwww the Demonspawn Fighter began the quest for the Orb.
     0 | D:1      | Reached XP level 1. HP: 18/18 MP: 1/1
    77 | D:1      | Gained mutation: You have sharp fingernails. [demonic
                  | ancestry]
    77 | D:1      | Reached XP level 2. HP: 23/24 MP: 2/2
   258 | D:1      | Reached skill level 2 in Axes
   697 | D:1      | Reached XP level 3. HP: 28/29 MP: 3/3
  1295 | D:2      | Found a faded altar of an unknown god.
  1317 | D:2      | Reached XP level 4. HP: 37/37 MP: 4/4
  1339 | D:2      | Reached skill level 3 in Axes
  1393 | D:2      | Found a snail-covered altar of Cheibriados.
  1486 | D:2      | Found a white marble altar of Elyvilon.
  1950 | D:3      | Found a runed translucent door.
  1960 | D:3      | Noticed harness's ghost (amateur DrTm)
  1979 | D:3      | Killed harness's ghost
  1979 | D:3      | Reached skill level 4 in Axes
  1979 | D:3      | Gained mutation: You are partially covered in sharp spines.
                  | [demonic ancestry]
  1979 | D:3      | Reached XP level 5. HP: 41/42 MP: 5/5
  1989 | D:3      | Found a runed translucent door.
  2137 | D:3      | Quit the game

Illustrated notes

Levels and vault maps discovered:
D:1:      lemuel_arrival_behind_the_door_small, layout_basic,
          hangedman_decor_peaks_small, minmay_vboxes
D:2:      layout_rooms, elyvilon_altar_4, overflow_temple_1_default,
          chequers_ecumenical_altar_grove, first_ration
D:3:      layout_loops_cross, ebering_ghost_sewer_f

Skill      XL: |  1  2  3  4 |
---------------+-------------+-----
Axes           | 2 4 |  4.1
Armour         | 3 |  3.1
Shields        | 3 |  3.1
Fighting       | |  3.8
Dodging        | |  0.2
Stealth        | |  0.1

Action                   |  1- 3 |  4- 6 || total
-------------------------+-------+-------++-------
Melee: War axe           |    84 |    68 ||   152
  Use: Potion            |       |     1 ||     1
  Eat: Chunk             |     1 |     3 ||     4
Armor: Scale mail        |    40 |    23 ||    63
Dodge: Dodged            |    30 |    24 ||    54
Block: Kite shield       |    36 |    32 ||    68
